| TOP OF THE 1ST |
|
Hamilton Cardinals batting - Pitching for Niagara Falls Phantoms : RHP Alex Sepulueda
|
|
Pitching: RHP Alex Sepulueda
|
|
|
Batting: RHB Matt Shaw
|
0-0: Ball 1-0: Ground out 6-3 (Groundball, 6S, EV 65.6 MPH)
|
|
Batting: LHB Steven Higgs
|
0-0: Swinging Strike 0-1: SINGLE (Line Drive, 7LS, EV 85.6 MPH)
|
|
Batting: LHB Jonathan Barker
|
0-0: Fly out, F7 (Flyball, 78M, EV 94.4 MPH)
|
|
Batting: RHB Jason Hunt
|
0-0: Foul Ball, location: 2F 0-1: Foul Ball, location: 2F 0-2: Foul Ball, location: 2F 0-2: Strikes out swinging
|
| Top of the 1st over - 0 runs, 1 hit, 0 errors, 1 left on base; Hamilton 0 - Niagara Falls 0 |
| BOTTOM OF THE 1ST |
|
Niagara Falls Phantoms batting - Pitching for Hamilton Cardinals : RHP Ji-e Shuai
|
|
Pitching: RHP Ji-e Shuai
|
|
|
Batting: LHB Pete Cook
|
0-0: Called Strike 0-1: Called Strike 0-2: Ball 1-2: Strikes out swinging
|
|
Batting: RHB Tatsuro Hamasaki
|
0-0: Ball 1-0: Foul Ball, location: 2F 1-1: Swinging Strike 1-2: Strikes out swinging
|
|
Batting: RHB Peter Frankel
|
0-0: Called Strike 0-1: TRIPLE (Flyball, 89XD, EV 108.1 MPH)
|
|
Batting: RHB Hunter Uttley
|
0-0: Ball 1-0: Ball 2-0: Foul Ball, location: 2F 2-1: Swinging Strike 2-2: Ball 3-2: Ground out 4-3 (Groundball, 4, EV 106.2 MPH)
|
| Bottom of the 1st over - 0 runs, 1 hit, 0 errors, 1 left on base; Hamilton 0 - Niagara Falls 0 |
| TOP OF THE 2ND |
|
Hamilton Cardinals batting - Pitching for Niagara Falls Phantoms : RHP Alex Sepulueda
|
|
Batting: LHB Josh Levin
|
0-0: Called Strike 0-1: Called Strike 0-2: Foul Ball, location: 2F 0-2: Ground out 6-3 (Groundball, 6M, EV 101.2 MPH)
|
|
Batting: SHB Jae-hong Kym
|
0-0: Called Strike 0-1: Swinging Strike 0-2: Strikes out looking
|
|
Batting: RHB Jeff Gale
|
0-0: Foul Ball, location: 2F 0-1: Called Strike 0-2: Ball 1-2: Fly out, F7 (Flyball, 7, EV 87.5 MPH)
|
| Top of the 2nd over - 0 runs, 0 hits, 0 errors, 0 left on base; Hamilton 0 - Niagara Falls 0 |
| BOTTOM OF THE 2ND |
|
Niagara Falls Phantoms batting - Pitching for Hamilton Cardinals : RHP Ji-e Shuai
|
|
Batting: RHB Randy Joyce
|
0-0: Swinging Strike 0-1: Foul Ball, location: 2F 0-2: Ball 1-2: Ball 2-2: Foul Ball, location: 2F 2-2: Strikes out swinging
|
|
Batting: SHB Bruce Shelton
|
0-0: Foul Ball, location: 2F 0-1: Ball 1-1: Foul Ball, location: 2F 1-2: Ball 2-2: Strikes out swinging
|
|
Batting: RHB Danny Carrick
|
0-0: Foul Ball, location: 2F 0-1: Ball 1-1: Ball 2-1: Ball 3-1: Base on Balls
|
|
Batting: SHB Ramon Werman
|
0-0: Called Strike 0-1: Ball 1-1: Ball 2-1: SINGLE (Groundball, 3D, EV 101.9 MPH) Danny Carrick to second Runner from 2nd tries for 3rd, SAFE, throw by RF made to third
|
|
Batting: RHB Donald DeLisio
|
0-0: Called Strike 0-1: Called Strike 0-2: Foul Ball, location: 2F 0-2: Ball 1-2: SINGLE (Groundball, 34S, EV 89.4 MPH) (infield hit) Danny Carrick scores Ramon Werman to second
|
|
Batting: LHB Pete Cook
|
0-0: Ball 1-0: Foul Ball, location: 2F 1-1: Swinging Strike 1-2: Ball 2-2: Foul Ball, location: 2F 2-2: Fielders Choice at 2nd, U4 (Groundball, 4M, EV 91.2 MPH)
|
| Bottom of the 2nd over - 1 run, 2 hits, 0 errors, 2 left on base; Hamilton 0 - Niagara Falls 1 |
| TOP OF THE 3RD |
|
Hamilton Cardinals batting - Pitching for Niagara Falls Phantoms : RHP Alex Sepulueda
|
|
Batting: RHB Oscar Higareda
|
0-0: Foul Ball, location: 2F 0-1: Ground out U3 (Groundball, 34, EV 84.4 MPH)
|
|
Batting: LHB John Stewart
|
0-0: Foul Ball, location: 2F 0-1: Ball 1-1: Ball 2-1: Called Strike 2-2: Ball 3-2: Foul Ball, location: 2F 3-2: Ground out 4-3 (Groundball, 4, EV 81.9 MPH)
|
|
Batting: RHB Matt Shaw
|
0-0: Called Strike 0-1: Called Strike 0-2: Ball 1-2: Strikes out swinging, 2-3 out at first.
|
| Top of the 3rd over - 0 runs, 0 hits, 0 errors, 0 left on base; Hamilton 0 - Niagara Falls 1 |
| BOTTOM OF THE 3RD |
|
Niagara Falls Phantoms batting - Pitching for Hamilton Cardinals : RHP Ji-e Shuai
|
|
Batting: RHB Tatsuro Hamasaki
|
0-0: Ball 1-0: Ball 2-0: Called Strike 2-1: Swinging Strike 2-2: SINGLE (Line Drive, 7S, EV 94.4 MPH)
|
|
Batting: RHB Peter Frankel
|
0-0: Ball 1-0: Foul Ball, location: 2F 1-1: Ball 2-1: Called Strike 2-2: Ball 3-2: Foul Ball, location: 2F 3-2: Base on Balls Tatsuro Hamasaki to second
|
|
Batting: RHB Hunter Uttley
|
0-0: Called Strike 0-1: Foul Ball, location: 2F 0-2: Ball 1-2: Strikes out swinging
|
|
Batting: RHB Randy Joyce
|
0-0: Called Strike 0-1: SINGLE (Line Drive, 7LS, EV 93.1 MPH) Tatsuro Hamasaki to third Peter Frankel to second
|
|
Batting: SHB Bruce Shelton
|
0-0: Ball 1-0: Swinging Strike 1-1: Fly out, F4 (Line Drive, 3D, EV 69.4 MPH)
|
|
Batting: RHB Danny Carrick
|
0-0: Ball 1-0: Foul Ball, location: 2F 1-1: Ball 2-1: Called Strike 2-2: Foul Ball, location: 2F 2-2: Strikes out swinging
|
| Bottom of the 3rd over - 0 runs, 2 hits, 0 errors, 3 left on base; Hamilton 0 - Niagara Falls 1 |
| TOP OF THE 4TH |
|
Hamilton Cardinals batting - Pitching for Niagara Falls Phantoms : RHP Alex Sepulueda
|
|
Batting: LHB Steven Higgs
|
0-0: SINGLE (Flyball, 7, EV 93.1 MPH)
|
|
Batting: LHB Jonathan Barker
|
0-0: Called Strike 0-1: Foul Ball, location: 2F 0-2: Ball 1-2: Foul Ball, location: 2F 1-2: Foul Ball, location: 2F 1-2: Grounds into double play, 4-6-3 (Groundball, 4, EV 79.4 MPH)
|
|
Batting: RHB Jason Hunt
|
0-0: Called Strike 0-1: DOUBLE (Line Drive, 8RXD, EV 108.1 MPH)
|
|
Batting: LHB Josh Levin
|
0-0: Called Strike 0-1: Fly out, F2 (Popup, 3SF, EV 73.1 MPH)
|
| Top of the 4th over - 0 runs, 2 hits, 0 errors, 1 left on base; Hamilton 0 - Niagara Falls 1 |
| BOTTOM OF THE 4TH |
|
Niagara Falls Phantoms batting - Pitching for Hamilton Cardinals : RHP Ji-e Shuai
|
|
Batting: SHB Ramon Werman
|
0-0: SINGLE (Groundball, 6, EV 96.9 MPH)
|
|
Batting: RHB Donald DeLisio
|
0-0: Foul Ball, location: 2F 0-1: Ball 1-1: Foul Ball, location: 2F 1-2: Strikes out looking
|
|
Batting: LHB Pete Cook
|
0-0: Ball Ramon Werman steals 2nd, throwing error, E2 Ramon Werman to third 1-0: Ball 2-0: Bunted foul 2-1: Swinging Strike 2-2: Foul Ball, location: 2F 2-2: SINGLE (Line Drive, 9LS, EV 93.1 MPH) Ramon Werman scores
|
|
Pitching: RHP Norietsu Higashi
|
|
|
Batting: RHB Tatsuro Hamasaki
|
0-0: Fly out, F8 (Line Drive, 8RD, EV 89.4 MPH)
|
|
Batting: RHB Peter Frankel
|
0-0: Called Strike 0-1: Ball 1-1: Foul Ball, location: 2F 1-2: Strikes out looking
|
| Bottom of the 4th over - 1 run, 2 hits, 1 error, 1 left on base; Hamilton 0 - Niagara Falls 2 |
| TOP OF THE 5TH |
|
Hamilton Cardinals batting - Pitching for Niagara Falls Phantoms : RHP Alex Sepulueda
|
|
Batting: SHB Jae-hong Kym
|
0-0: Swinging Strike 0-1: Foul Ball, location: 2F 0-2: Ball 1-2: Strikes out swinging
|
|
Batting: RHB Jeff Gale
|
0-0: Ball 1-0: Ball 2-0: Ball 3-0: Base on Balls
|
|
Batting: RHB Oscar Higareda
|
0-0: Called Strike 0-1: Ball 1-1: Called Strike 1-2: Ball 2-2: Ball 3-2: Strikes out swinging Jeff Gale steals 2nd base Batter strikes out.
|
|
Batting: LHB John Stewart
|
0-0: Called Strike 0-1: Ball 1-1: Ball 2-1: Ball 3-1: Called Strike 3-2: Strikes out swinging
|
| Top of the 5th over - 0 runs, 0 hits, 0 errors, 1 left on base; Hamilton 0 - Niagara Falls 2 |
| BOTTOM OF THE 5TH |
|
Niagara Falls Phantoms batting - Pitching for Hamilton Cardinals : RHP Norietsu Higashi
|
|
Batting: RHB Hunter Uttley
|
0-0: Ball 1-0: Ball 2-0: Ball 3-0: Called Strike 3-1: Ground out 6-3 (Groundball, 6, EV 109.4 MPH)
|
|
Batting: RHB Randy Joyce
|
0-0: Called Strike 0-1: Foul Ball, location: 2F 0-2: Foul Ball, location: 2F 0-2: Foul Ball, location: 2F 0-2: Strikes out looking
|
|
Batting: SHB Bruce Shelton
|
0-0: Ball 1-0: Foul Ball, location: 2F 1-1: Swinging Strike 1-2: Strikes out swinging
|
| Bottom of the 5th over - 0 runs, 0 hits, 0 errors, 0 left on base; Hamilton 0 - Niagara Falls 2 |
| TOP OF THE 6TH |
|
Hamilton Cardinals batting - Pitching for Niagara Falls Phantoms : RHP Alex Sepulueda
|
|
Batting: RHB Matt Shaw
|
0-0: Ball 1-0: Swinging Strike 1-1: Ball 2-1: Foul Ball, location: 2F 2-2: Strikes out swinging
|
|
Batting: LHB Steven Higgs
|
0-0: SINGLE (Groundball, 4D, EV 96.2 MPH)
|
|
Batting: LHB Jonathan Barker
|
0-0: Ball 1-0: Ball 2-0: Ball 3-0: Called Strike 3-1: TRIPLE (Line Drive, 89XD, EV 101.2 MPH) Steven Higgs scores
|
|
Batting: RHB Jason Hunt
|
0-0: 2-RUN HOME RUN (Flyball, 8RXD, EV 109.4 MPH), Distance : 451 ft
|
|
Batting: LHB Josh Levin
|
0-0: Ball 1-0: SINGLE (Groundball, 4MD, EV 96.2 MPH)
|
|
Batting: SHB Jae-hong Kym
|
0-0: Called Strike Josh Levin steals 2nd base 0-1: Swinging Strike 0-2: Strikes out swinging
|
|
Batting: RHB Jeff Gale
|
0-0: Ground out 6-3 (Groundball, 6S, EV 73.8 MPH)
|
| Top of the 6th over - 3 runs, 4 hits, 0 errors, 1 left on base; Hamilton 3 - Niagara Falls 2 |
| BOTTOM OF THE 6TH |
|
Niagara Falls Phantoms batting - Pitching for Hamilton Cardinals : RHP Norietsu Higashi
|
|
Pinch Hitting: RHB Todd Wolters
|
0-0: Called Strike 0-1: Ball 1-1: Foul Ball, location: 2F 1-2: Foul Ball, location: 2F 1-2: Strikes out swinging
|
|
Pinch Hitting: RHB Alfredo Mendez
|
0-0: Ball 1-0: Called Strike 1-1: Swinging Strike 1-2: Ball 2-2: Strikes out swinging
|
|
Batting: RHB Ben Underwood
|
0-0: Ground out 4-3 (Groundball, 13, EV 78.8 MPH)
|
| Bottom of the 6th over - 0 runs, 0 hits, 0 errors, 0 left on base; Hamilton 3 - Niagara Falls 2 |
| TOP OF THE 7TH |
|
Hamilton Cardinals batting - Pitching for Niagara Falls Phantoms : RHP Alex Sepulueda
|
|
Now at 3B: Todd Wolters
|
|
|
Now in LF: Pete Cook
|
|
|
Now in CF: Alfredo Mendez
|
|
|
Now in RF: Tatsuro Hamasaki
|
|
|
Batting: RHB Oscar Higareda
|
0-0: SINGLE (Groundball, 56D, EV 95.0 MPH)
|
|
Batting: LHB John Stewart
|
0-0: Ball Oscar Higareda steals 2nd base 1-0: Fly out, F7 (Flyball, 7, EV 82.5 MPH)
|
|
Batting: RHB Matt Shaw
|
0-0: Ball 1-0: SINGLE (Groundball, 6S, EV 65.6 MPH) (infield hit) Oscar Higareda to third
|
|
Batting: LHB Steven Higgs
|
0-0: Ball 1-0: Ball 2-0: Called Strike 2-1: Foul Ball, location: 2F 2-2: Grounds into double play, 4-6-3 (Groundball, 4, EV 101.2 MPH)
|
| Top of the 7th over - 0 runs, 2 hits, 0 errors, 1 left on base; Hamilton 3 - Niagara Falls 2 |
| BOTTOM OF THE 7TH |
|
Niagara Falls Phantoms batting - Pitching for Hamilton Cardinals : RHP Norietsu Higashi
|
|
Batting: LHB Pete Cook
|
0-0: Ball 1-0: Ball 2-0: Foul Ball, location: 2F 2-1: Fly out, F8 (Flyball, 8LXD, EV 103.8 MPH)
|
|
Pinch Hitting: RHB Ryan Book
|
0-0: Called Strike 0-1: Swinging Strike 0-2: Ball 1-2: Ground out 1-3 (Groundball, 13S, EV 68.1 MPH)
|
|
Batting: RHB Peter Frankel
|
0-0: Called Strike 0-1: Swinging Strike 0-2: Strikes out swinging
|
| Bottom of the 7th over - 0 runs, 0 hits, 0 errors, 0 left on base; Hamilton 3 - Niagara Falls 2 |
| TOP OF THE 8TH |
|
Hamilton Cardinals batting - Pitching for Niagara Falls Phantoms : RHP Alex Sepulueda
|
|
Now in LF: Luis Ponce
|
|
|
Now in RF: Pete Cook
|
|
|
Batting: LHB Jonathan Barker
|
0-0: Ball 1-0: Foul Ball, location: 2F 1-1: Ball 2-1: Called Strike 2-2: Strikes out swinging
|
|
Batting: RHB Jason Hunt
|
0-0: Ball 1-0: Fly out, F9 (Flyball, 9D, EV 87.5 MPH)
|
|
Batting: LHB Josh Levin
|
0-0: Hit by Pitch
|
|
Batting: SHB Jae-hong Kym
|
0-0: Called Strike 0-1: Ball 1-1: Ground out 1-3 (Groundball, 13S, EV 70.6 MPH)
|
| Top of the 8th over - 0 runs, 0 hits, 0 errors, 1 left on base; Hamilton 3 - Niagara Falls 2 |
| BOTTOM OF THE 8TH |
|
Niagara Falls Phantoms batting - Pitching for Hamilton Cardinals : RHP Norietsu Higashi
|
|
Batting: RHB Hunter Uttley
|
0-0: Called Strike 0-1: Ball 1-1: Called Strike 1-2: Strikes out swinging
|
|
Batting: RHB Randy Joyce
|
0-0: Foul Ball, location: 2F 0-1: Called Strike 0-2: Ball 1-2: Strikes out swinging
|
|
Batting: SHB Bruce Shelton
|
0-0: Ball 1-0: Ball 2-0: Foul Ball, location: 2F 2-1: Ball 3-1: Fly out, F9 (Flyball, 9, EV 89.4 MPH)
|
| Bottom of the 8th over - 0 runs, 0 hits, 0 errors, 0 left on base; Hamilton 3 - Niagara Falls 2 |
| TOP OF THE 9TH |
|
Hamilton Cardinals batting - Pitching for Niagara Falls Phantoms : RHP Alex Sepulueda
|
|
Batting: RHB Kevin Kelly
|
0-0: Ball 1-0: Ball 2-0: Foul Ball, location: 2F 2-1: Ball 3-1: Base on Balls
|
|
Pitching: RHP Jeff Thiem
|
|
|
Batting: RHB Oscar Higareda
|
0-0: Ball 1-0: Foul Ball, location: 2F 1-1: Called Strike Kevin Kelly steals 2nd base 1-2: Ground out 4-3 (Groundball, 34, EV 103.1 MPH) Kevin Kelly to third
|
|
Batting: LHB John Stewart
|
0-0: Ball 1-0: Single, Error in OF, E9, batter to second base (Line Drive, 9S, EV 98.8 MPH) Kevin Kelly scores
|
|
Batting: RHB Matt Shaw
|
0-0: Ball 1-0: Called Strike 1-1: Called Strike 1-2: Ball 2-2: Ball 3-2: Strikes out swinging
|
|
Batting: LHB Steven Higgs
|
0-0: Called Strike 0-1: Called Strike 0-2: Strikes out looking
|
| Top of the 9th over - 1 run, 1 hit, 1 error, 1 left on base; Hamilton 4 - Niagara Falls 2 |
| BOTTOM OF THE 9TH |
|
Niagara Falls Phantoms batting - Pitching for Hamilton Cardinals : RHP Norietsu Higashi
|
|
Pitching: LHP Kevin Snider
|
|
|
Batting: RHB Todd Wolters
|
0-0: Ball 1-0: Ball 2-0: Ball 3-0: Called Strike 3-1: Called Strike 3-2: SINGLE (Flyball, 89S, EV 96.2 MPH)
|
|
Batting: RHB Alfredo Mendez
|
0-0: Foul Ball, location: 2F 0-1: Foul Ball, location: 2F 0-2: Foul Ball, location: 2F 0-2: Ball 1-2: Fly out, F9 (Flyball, 89M, EV 88.8 MPH)
|
|
Batting: RHB Ben Underwood
|
0-0: Foul Ball, location: 2F 0-1: Ball 1-1: Ball 2-1: Ball 3-1: 2-RUN HOME RUN (Flyball, 7D, EV 96.2 MPH), Distance : 375 ft
|
|
Batting: LHB Pete Cook
|
0-0: Foul Ball, location: 2F 0-1: Foul Ball, location: 2F 0-2: Strikes out swinging
|
|
Batting: LHB Luis Ponce
|
0-0: Called Strike 0-1: Swinging Strike 0-2: Foul Ball, location: 2F 0-2: Foul Ball, location: 2F 0-2: Ball 1-2: Ball 2-2: SINGLE (Groundball, 3S, EV 63.1 MPH) (infield hit)
|
|
Batting: RHB Peter Frankel
|
0-0: Called Strike 0-1: Ball 1-1: Swinging Strike 1-2: Strikes out swinging
|
| Bottom of the 9th over - 2 runs, 3 hits, 0 errors, 1 left on base; Hamilton 4 - Niagara Falls 4 |
| TOP OF THE 10TH |
|
Hamilton Cardinals batting - Pitching for Niagara Falls Phantoms : RHP Jeff Thiem
|
|
Pitching: RHP Ronnie Seymour
|
|
|
Batting: LHB Jonathan Barker
|
0-0: Called Strike 0-1: Ball 1-1: Swinging Strike 1-2: Strikes out swinging
|
|
Batting: RHB Jason Hunt
|
0-0: Ball 1-0: Fly out, F8 (Flyball, 8LD, EV 102.5 MPH)
|
|
Batting: LHB Josh Levin
|
0-0: Foul Ball, location: 2F 0-1: Foul Ball, location: 2F 0-2: Foul Ball, location: 2F 0-2: Ball 1-2: Foul Ball, location: 2F 1-2: Ball 2-2: Foul Ball, location: 2F 2-2: Strikes out swinging
|
| Top of the 10th over - 0 runs, 0 hits, 0 errors, 0 left on base; Hamilton 4 - Niagara Falls 4 |
| BOTTOM OF THE 10TH |
|
Niagara Falls Phantoms batting - Pitching for Hamilton Cardinals : LHP Kevin Snider
|
|
Pitching: LHP Kevin Folse
|
|
|
Batting: RHB Hunter Uttley
|
0-0: Foul Ball, location: 2F 0-1: Ball 1-1: Ball 2-1: Ground out 4-3 (Groundball, 4, EV 105.6 MPH)
|
|
Batting: RHB Randy Joyce
|
0-0: Called Strike 0-1: Foul Ball, location: 2F 0-2: Ball 1-2: Ball 2-2: Strikes out looking
|
|
Batting: SHB Bruce Shelton
|
0-0: Called Strike 0-1: Ball 1-1: Fly out, F6 (Popup, 6S, EV 75.0 MPH)
|
| Bottom of the 10th over - 0 runs, 0 hits, 0 errors, 0 left on base; Hamilton 4 - Niagara Falls 4 |
| TOP OF THE 11TH |
|
Hamilton Cardinals batting - Pitching for Niagara Falls Phantoms : RHP Ronnie Seymour
|
|
Batting: SHB Jae-hong Kym
|
0-0: Called Strike 0-1: Ball 1-1: Foul Ball, location: 2F 1-2: Ground out 5-3 (Groundball, 56, EV 103.8 MPH)
|
|
Batting: RHB Kevin Kelly
|
0-0: Ball 1-0: Called Strike 1-1: Swinging Strike 1-2: Ball 2-2: Ground out 5-3 (Groundball, 56, EV 82.5 MPH)
|
|
Batting: RHB Oscar Higareda
|
0-0: Ball 1-0: Fly out, F8 (Flyball, 8RD, EV 85.6 MPH)
|
| Top of the 11th over - 0 runs, 0 hits, 0 errors, 0 left on base; Hamilton 4 - Niagara Falls 4 |
| BOTTOM OF THE 11TH |
|
Niagara Falls Phantoms batting - Pitching for Hamilton Cardinals : LHP Kevin Folse
|
|
Batting: RHB Todd Wolters
|
0-0: Called Strike 0-1: Foul Ball, location: 2F 0-2: Ball 1-2: Fly out, F7 (Flyball, 7, EV 93.1 MPH)
|
|
Batting: RHB Alfredo Mendez
|
0-0: Ground out 6-3 (Groundball, 56, EV 106.2 MPH)
|
|
Batting: RHB Ben Underwood
|
0-0: Called Strike 0-1: Foul Ball, location: 2F 0-2: Foul Ball, location: 2F 0-2: Strikes out swinging, 2-3 out at first.
|
| Bottom of the 11th over - 0 runs, 0 hits, 0 errors, 0 left on base; Hamilton 4 - Niagara Falls 4 |
| TOP OF THE 12TH |
|
Hamilton Cardinals batting - Pitching for Niagara Falls Phantoms : RHP Ronnie Seymour
|
|
Pinch Hitting: RHB Kevin McGaughey
|
0-0: Foul Ball, location: 2F 0-1: Foul Ball, location: 2F 0-2: Strikes out swinging
|
|
Batting: RHB Matt Shaw
|
0-0: SINGLE (Line Drive, 78S, EV 98.8 MPH)
|
|
Batting: LHB Steven Higgs
|
0-0: Ball 1-0: Swinging Strike 1-1: Foul Ball, location: 2F 1-2: Ball 2-2: Foul Ball, location: 2F 2-2: Ball 3-2: Strikes out swinging
|
|
Pitching: RHP Rick Shaw
|
|
|
Batting: LHB Jonathan Barker
|
0-0: Ball 1-0: Fly out, F7 (Flyball, 7D, EV 76.2 MPH)
|
| Top of the 12th over - 0 runs, 1 hit, 0 errors, 1 left on base; Hamilton 4 - Niagara Falls 4 |
| BOTTOM OF THE 12TH |
|
Niagara Falls Phantoms batting - Pitching for Hamilton Cardinals : LHP Kevin Folse
|
|
Now in LF: Kevin McGaughey
|
|
|
Batting: LHB Pete Cook
|
0-0: Ball 1-0: Fly out, F7 (Flyball, 7, EV 81.2 MPH)
|
|
Batting: LHB Luis Ponce
|
0-0: Ball 1-0: Foul Ball, location: 2F 1-1: Foul Ball, location: 2F 1-2: Foul Ball, location: 2F 1-2: Foul Ball, location: 2F 1-2: Ball 2-2: SINGLE (Groundball, 3D, EV 104.4 MPH)
|
|
Batting: RHB Peter Frankel
|
0-0: Called Strike 0-1: Ball 1-1: SINGLE (Flyball, 8LS, EV 86.9 MPH) Luis Ponce to second Runner from 2nd tries for 3rd, SAFE, throw by CF made to third
|
|
Batting: RHB Hunter Uttley
|
0-0: Foul Ball, location: 2F 0-1: Fielders Choice at home, 6-2 (Groundball, 6, EV 98.1 MPH) Peter Frankel to second
|
|
Batting: RHB Randy Joyce
|
0-0: Ball 1-0: Fly out, F8 (Flyball, 78M, EV 91.2 MPH)
|
| Bottom of the 12th over - 0 runs, 2 hits, 0 errors, 2 left on base; Hamilton 4 - Niagara Falls 4 |
| TOP OF THE 13TH |
|
Hamilton Cardinals batting - Pitching for Niagara Falls Phantoms : RHP Rick Shaw
|
|
Batting: RHB Jason Hunt
|
0-0: Called Strike 0-1: Ball 1-1: Foul Ball, location: 2F 1-2: Strikes out swinging
|
|
Batting: LHB Josh Levin
|
0-0: Called Strike 0-1: Ball 1-1: Ball 2-1: Foul Ball, location: 2F 2-2: Strikes out looking
|
|
Batting: SHB Jae-hong Kym
|
0-0: Called Strike 0-1: Ball 1-1: Ball 2-1: Fly out, F2 (Popup, 2R, EV 94.4 MPH)
|
| Top of the 13th over - 0 runs, 0 hits, 0 errors, 0 left on base; Hamilton 4 - Niagara Falls 4 |
| BOTTOM OF THE 13TH |
|
Niagara Falls Phantoms batting - Pitching for Hamilton Cardinals : LHP Kevin Folse
|
|
Batting: SHB Bruce Shelton
|
0-0: Swinging Strike 0-1: DOUBLE (Flyball, 89D, EV 97.5 MPH)
|
|
Pitching: RHP Morgan Phang
|
|
|
Pinch Runner at 2nd Brian Biordi:
|
|
|
Batting: RHB Todd Wolters
|
0-0: Ball 1-0: DOUBLE (Line Drive, 5D, EV 105.0 MPH) Brian Biordi scores
|
| Bottom of the 13th over - 1 run, 2 hits, 0 errors, 1 left on base; Hamilton 4 - Niagara Falls 5 |
|